 Dungeon Crawl Stone Soup version 0.31-a0-204-g7da18cac08 (webtiles) character file.

Game seed: 385152351284972536

74 qw the Shooter (level 4, 0/25 HPs)
             Began as a Deep Elf Hunter on June 27, 2023.
             Killed from afar by an orc wizard (12 damage)
             ... with a puff of flame
             ... on level 2 of the Dungeon.
             The game lasted 00:00:28 (1119 turns).

qw the Shooter (Deep Elf Hunter)                    Turns: 1119, Time: 00:00:29

Health: 0/25       AC:  6    Str: 10    XL:     4   Next: 9%
Magic:  6/6        EV:  9    Int: 14    God:
Gold:   146        SH:  0    Dex: 18    Spells: 3/3 levels left

rFire   . . .        Y - +3 shortbow
rCold   . . .        (shield currently unavailable)
rNeg    . . .        f - +0 scale mail
rPois   .            (no helmet)
rElec   .            (no cloak)
rCorr   .            (no gloves)
SInv    .            (no boots)
Will    .....        (no amulet)
Stlth   +            (no ring)
HPRegen 0.24/turn    (no ring)
MPRegen 0.10/turn

%: no passive effects
@: no status effects
A: no striking features
a: no special abilities


You were on level 2 of the Dungeon.
You visited 1 branch of the dungeon, and saw 2 of its levels.

You collected 146 gold pieces.


   Skills:
 - Level 1.5 Fighting
 + Level 7.5 Ranged Weapons
 - Level 2.4 Dodging
 - Level 1.2 Stealth


You had 3 spell levels left.
You didn't know any spells.
Your spell library was empty.

Inventory:

Hand Weapons
 Y - a +3 shortbow (weapon)
Armour
 f - a +0 scale mail (worn)
 g - a +0 pair of boots
Scrolls
 h - 2 scrolls of identify
 i - a scroll of teleportation {unknown}
Potions
 a - a potion of brilliance {unknown}
 b - a potion of cancellation {unknown}
 c - 2 potions of curing {unknown}
 d - a potion of lignification {unknown}
 e - a potion of heal wounds {unknown}

Dungeon Overview and Level Annotations

Branches:
Dungeon (2/15)

Altars:


Message History

Found 3 scrolls labelled EFFUCYE FUMOH.
The orc priest shouts!
You hear a shout! x2
Enter note:
Enter note:
Enter note:
Enter note: You shoot an arrow.
The arrow hits the orc priest but does no damage.
An orc comes into view. It is wielding a +0 dagger.
You shoot an arrow.
The arrow hits the orc priest but does no damage.
You shoot an arrow. The arrow barely misses the orc.
You hear a shout!
The orc priest mumbles some strange prayers to Beogh against you.
Beogh smites you!
Ouch! That really hurt!
The rat twitches its whiskers.
You shoot an arrow. The arrow closely misses the rat.
The arrow hits the orc.
The orc is heavily wounded.
The orc priest calls upon Beogh to heal the orc.
The orc's wounds heal themselves!
An orc wizard comes into view. It is wielding a +0 dagger.
The rat bites you.
You shoot an arrow. The arrow closely misses the rat.
The orc wizard mumbles some strange words.
The orc wizard flickers and vanishes!
Deactivating autopickup; reactivate with Ctrl-A.
An orc comes into view. It is wielding a +0 flail.
The rat bites you but does no damage.
You shoot an arrow. The arrow hits the rat.
You kill the rat!
The orc priest looks satisfied for a moment.
The orc hits you but does no damage.
You shoot an arrow. The arrow hits the orc.
The orc is heavily wounded.
The orc priest begins to cast a cantrip, but forgets the words!
You hear some strange, mumbled words.
A puff of flame appears from out of thin air!
The puff of flame hits you!
You die...

......# ....#.# #. #####.# #.
##.# #?# #..# #.. #.## #.o #)#
#.. #.# #o{########### #.#
#.o@.........####### #.#
##.##......... ....# #.#
#.##.######.###...# #.# #.##.#
##.#...... #.##########.##.#
#......... #..%......##.##.#
#.........
#########.##.##.#####.#......#
#.#..................#
#.#..##..........%..#.


You could see an orc priest and 2 orcs.

Vanquished Creatures
  3 adders (D:2)
  A worm (D:2)
  2 dart slugs (D:1)
  2 ball pythons
  5 endoplasms
  A giant cockroach (D:2)
  3 goblins
  4 hobgoblins
  3 quokkas
  4 bats
  3 frilled lizards (D:2)
  4 kobolds
  6 rats
41 creatures vanquished.

Notes
Turn   | Place    | Note
-------+----------+-------------------------------------------
     0 | D:1      | qw the Deep Elf Hunter began the quest for the Orb.
     0 | D:1      | Reached XP level 1. HP: 12/12 MP: 3/3
     0 | D:1      | 0 ||| qw: Version: 0.3-a-22-g0ed2b0b
     0 | D:1      | 0 ||| qw: Game counter: 6520
     0 | D:1      | 0 ||| qw: Melee chars always use a shield: true
     0 | D:1      | 0 ||| qw: God list: Okawaru
     0 | D:1      | 0 ||| qw: Allow faded altars: false
     0 | D:1      | 0 ||| qw: Do Orc after clearing Dungeon:15 true
     0 | D:1      | 0 ||| qw: Do second Lair branch before Depths: true
     0 | D:1      | 0 ||| qw: Lair rune preference: random
     0 | D:1      | 0 ||| qw: Goals: Normal
     0 | D:1      | 0 ||| PLANNING D:1-11
   114 | D:1      | You fall into a shaft and drop 1 floor!
   190 | D:2      | Reached skill level 6 in Ranged Weapons
   190 | D:2      | Reached XP level 2. HP: 15/16 MP: 4/4
   201 | D:2      | 201 ||| UPGRADING to +0 scale mail.
   211 | D:2      | 211 ||| DROPPING +0 leather armour.
   212 | D:2      | 212 ||| READING 2 scrolls labelled UVENWE NAAWA.
   213 | D:2      | 213 ||| READING scroll of enchant weapon.
   213 | D:2      | 213 ||| ENCHANTING +1 shortbow.
   214 | D:2      | 214 ||| DROPPING scroll of butterflies.
   432 | D:1      | Reached XP level 3. HP: 20/20 MP: 5/5
   609 | D:1      | 609 ||| READING scroll labelled HERUW ZUXAU.
   610 | D:1      | 610 ||| READING scroll labelled XAIX PAIKO.
   719 | D:2      | Reached skill level 7 in Ranged Weapons
   725 | D:2      | 725 ||| READING scroll of enchant weapon.
   725 | D:2      | 725 ||| ENCHANTING +2 shortbow.
   857 | D:2      | HP: 4/20 [kobold/+0 long sword (11)]
  1038 | D:2      | Reached XP level 4. HP: 25/25 MP: 6/6
  1119 | D:2      | Killed from afar by an orc wizard

Levels and vault maps discovered:
D:1:      lightli_arrival_boilingwater, layout_loops_ring
D:2:      layout_loops_ring, serial_bayou_pond_c, nicolae_wormholes

Skill      XL: |  1  2  3 |
---------------+----------+-----
Ranged Weapons | 6 7 |  7.5
Fighting       | |  1.5
Dodging        | |  2.4
Stealth        | |  1.2

Action                     |  1- 3 |  4- 6 || total
---------------------------+-------+-------++-------
   Fire: Shortbow          |    93 |    16 ||   109
    Use: Scroll            |     5 |       ||     5
 Armour: Scale mail        |    14 |     3 ||    17
  Dodge: Dodged            |    21 |     1 ||    22

Table legend:
 A = Non-vault XP
 B = Vault XP
 C = Vault XP percentage of total XP
 D = Non-vault monster count
 E = Vault monster count
 F = Vault count percentage of total count
                 A         B        C        D         E       F
            +---------+---------+-------+---------+---------+-------
      Total |     106 |       0 |   0.0 |      41 |       0 |   0.0
            +---------+---------+-------+---------+---------+-------
        D:1 |      36 |       0 |   0.0 |      19 |       0 |   0.0
        D:2 |      70 |       0 |   0.0 |      22 |       0 |   0.0
            +---------+---------+-------+---------+---------+-------
